 Dungeon Crawl Stone Soup version 0.32-a0-872-g59262bdc9b (webtiles) character file.

Game seed: 10094886942088854879

100128 KennySheep the Bludgeoner (level 16, -4/193 HPs)
             Began as an Oni Cinder Acolyte on Mar 30, 2024.
             Was a High Priest of Okawaru.
             Slain by a tentacle (13 damage)
             ... attached to a kraken
             ... on level 2 of the Shoals.
             The game lasted 02:05:04 (36769 turns).

KennySheep the Bludgeoner (Oni Cinder Acolyte)     Turns: 36769, Time: 02:05:05

Health: -4/193     AC: 12    Str: 25    XL:     16   Next: 27%
Magic:  29/29      EV: 15    Int: 19    God:    Okawaru [*****.]
Gold:   1191       SH:  5    Dex:  8    Spells: 29/33 levels left

rFire   + . .        a - +3 giant spiked club "Giom" {spect, Int+3}
rCold   + . .        (shield currently unavailable)
rNeg    . . .        Q - +0 acid dragon scales
rPois   +            (helmet restricted)
rElec   +            X - scarf {rC+ rF+}
rCorr   +            (gloves unavailable)
SInv    .            (boots unavailable)
Will    +....        H - amulet "Kusadud" {Reflect rElec rPois rCorr SH+5}
Stlth   +            e - +5 ring of evasion
HPRegen 0.52/turn    y - +4 ring of protection
MPRegen 0.21/turn

%: reflection
@: no status effects
A: large, unfitting armour, horns 1, tough skin 1, double potion healing,
drunken brawling, agile 1, robust 1, no potion heal 1
a: Renounce Religion, Heroism, Finesse, Duel


You were on level 2 of the Shoals.
You worshipped Okawaru.
Okawaru was extremely pleased with you.
You visited 6 branches of the dungeon, and saw 26 of its levels.
You also visited: Bailey and Ice Cave.

You collected 2530 gold pieces.
You spent 1339 gold pieces at shops.

Inventory:

Hand Weapons
 a - the +3 giant spiked club "Giom" (weapon) {spect, Int+3}
   (You acquired it in a bailey)

   Int+3:     It affects your intelligence (+3).
Armour
 K - a +0 robe
 Q - +0 acid dragon scales (worn)
 X - a scarf of resistance (worn)
Magical Staves
 b - a staff of fire
 n - a staff of earth
Jewellery
 e - a +5 ring of evasion (left hand)
 y - a +4 ring of protection (right hand)
 H - the amulet "Kusadud" (around neck) {Reflect rElec rPois rCorr SH+5}
   (You acquired it on level 6 of the Dungeon)

   [amulet of reflection]

   Reflect:   It reflects blocked missile attacks.
   rElec:     It insulates you from electricity.
   rPois:     It protects you from poison.
   rCorr:     It protects you from acid and corrosion.
   SH+5:      It affects your SH (+5).
 O - a ring of willpower
 R - a +4 ring of protection
 U - a ring of positive energy
 V - a ring of protection from cold
Wands
 x - a wand of acid (6)
 F - a wand of flame (25)
 L - a wand of mindburst (23)
 M - a wand of paralysis (13)
 P - a wand of polymorph (10)
 S - a wand of warping (12)
 W - a wand of digging (14)
Scrolls
 c - 3 scrolls of revelation
 d - a scroll of fog
 i - 8 scrolls of teleportation
 j - 4 scrolls of enchant weapon
 m - a scroll of immolation
 t - 2 scrolls of amnesia
 u - 8 scrolls of poison
 E - 2 scrolls of brand weapon
 I - 9 scrolls of identify
 N - 2 scrolls of vulnerability
Potions
 g - 8 potions of curing
 k - a potion of cancellation
 o - a potion of might
 q - a potion of brilliance
 v - 3 potions of enlightenment
 z - 2 potions of magic
 A - 2 potions of resistance
 B - 7 potions of haste
 C - 3 potions of lignification
 G - a potion of ambrosia
 J - 4 potions of mutation
 T - 2 potions of attraction
 Y - a potion of berserk rage


   Skills:
 + Level 15.1 Fighting
 * Level 20.3(20.4) Maces & Flails
 - Level 4.2(14.0) Staves
 + Level 3.9 Armour
 + Level 7.1 Dodging
 - Level 9.0 Spellcasting
 - Level 4.7 Fire Magic
 + Level 11.5 Invocations
 - Level 3.2 Evocations


You had 29 spell levels left.
You knew the following spells:

 Your Spells              Type           Power      Damage    Failure   Level
a - Scorch                Fire           52%        2d7       2%          2
b - Blink                 Tloc           16%        N/A       16%         2

Your spell library contained the following spells:

 Spells                   Type           Power      Damage    Failure   Level
 Apportation              Tloc           16%        N/A       10%         1
 Magic Dart               Conj           32%        1d4       10%         1
 Necrotise                Necr           32%        1d5       10%         1
 Sting                    Conj/Alch      32%        1d5       10%         1
 Volatile Blastmotes      Fire/Tloc      34%        2d12      12%         3
 Lesser Beckoning         Tloc           16%        N/A       16%         2
 Mercury Vapours          Alch/Air       16%        N/A       16%         2
 Hailstorm                Conj/Ice       8%         3d5       30%         3
 Mephitic Cloud           Conj/Alch/Air  8%         N/A       30%         3
 Sigil of Binding         Hex            8%         N/A       30%         3
 Teleport Other           Tloc           8%         N/A       30%         3
 Vampiric Draining        Necr           8%         2d6       30%         3
 Anguish                  Hex/Necr       4%         N/A       69%         4
 Cause Fear               Hex            4%         N/A       69%         4
 Dimensional Bullseye     Hex/Tloc       4%         N/A       69%         4
 Fulminant Prism          Conj/Alch      4%         3d5       69%         4
 Iskenderun's Mystic Bla Conj/Tloc 8%             2d4        (+2d1     69%         4
 Maxwell's Portable Pile  Tloc           8%         2d(6-12)  69%         4
 Passage of Golubria      Tloc           8%         N/A       69%         4
 Curse of Agony           Necr           8%         N/A       95%         5
 Freezing Cloud           Conj/Ice/Air   4%         6-21      95%         5
 Iskenderun's Battlesphe  Conj           8%         2d6       95%         5
 Yara's Violent Unravell  Hex/Alch       4%         3d4       95%         5
 Bombard                  Conj/Erth      4%         9d2       100%        6
 Permafrost Eruption      Ice/Erth       4%         2x4d2     100%        6
 Enfeeble                 Hex            4%         N/A       100%        7
 Summon Small Mammal      Summ           Unusable   N/A       N/A         1
 Call Imp                 Summ           Unusable   N/A       N/A         2
 Summon Ice Beast         Ice/Summ       Unusable   N/A       N/A         3
 Tukima's Dance           Hex            Unusable   N/A       N/A         3
 Martyr's Knell           Necr/Summ      Unusable   N/A       N/A         4
 Death Channel            Necr           Unusable   N/A       N/A         6
 Sculpt Simulacrum        Ice/Alch       Unusable   N/A       N/A         6
 Malign Gateway           Summ/Tloc      Unusable   N/A       N/A         7
 Spellforged Servitor     Conj/Summ      Unusable   N/A       N/A         7
 Summon Horrible Things   Summ           Unusable   N/A       N/A         8

Dungeon Overview and Level Annotations

Branches:
Dungeon (15/15)            Temple (1/1) D:5            Lair (5/5) D:11
 Shoals (2/4) Lair:3       Spider (0/4) Lair:3        Slime (1/5) Lair:5
    Orc (2/2) D:11            Elf (0/3) Orc:2        Vaults (0/5) D:14
 Depths (0/4) D:15         Bailey (visited)           IceCv (visited)

Altars:
Ashenzari
Cheibriados
Dithmenos
Elyvilon
Fedhas
Gozag
Hepliaklqana
Kikubaaqudgha
Makhleb
Nemelex Xobeh
Okawaru
Qazlal
Ru
Sif Muna
Trog
Uskayaw
Vehumet
Wu Jian
Xom
Yredelemnul
Zin
The Shining One
Beogh

Shops:
D:3 (   D:6 ![*??   D:7 ?:((   Orc:1 *   Orc:2 =**(   Shoals:1 (

Annotations:
D:4 1 runed translucent door, Crazy Yiuf
D:7 2 runed translucent doors
D:15 Azrael
Lair:1 exclusion: oklob plant
Shoals:1 Roxanne


Innate Abilities, Weirdness & Mutations

You are too large for most types of armour.
You have a pair of small horns on your head.
You have tough skin. (AC +1)
You gain doubled healing and magic from potions.
Whenever you drink a healing potion, you attack all around you.
You are agile. (Dex +4, Str/Int -1)
You are robust. (+10% HP)
Potions are less effective at restoring your health.


Message History

Your spectral weapon shares its damage with you!
Your +3 giant spiked club "Giom" {spect, Int+3} disappears.
The tentacle slaps you.
You puncture the kraken!
The kraken is lightly wounded.
Your +3 giant spiked club "Giom" {spect, Int+3} hits the kraken!!
The kraken bites you but does no damage.
You block the tentacle's attack.
The tentacle completely misses your +3 giant spiked club "Giom" {spect, Int+3}.
The tentacle slaps you but does no damage.
The tentacle slaps your +3 giant spiked club "Giom" {spect, Int+3} but does no damage.
You flatten the kraken like a pancake!!!
You headbutt the kraken.
The kraken is heavily wounded.
Your +3 giant spiked club "Giom" {spect, Int+3} hits the kraken but does no damage.
The kraken misses you. The tentacle misses you.
The tentacle barely misses your +3 giant spiked club "Giom" {spect, Int+3}.
You block the tentacle's attack. The tentacle closely misses you.
The kraken bites you!!
You impale the kraken!!
The kraken is heavily wounded.
Your +3 giant spiked club "Giom" {spect, Int+3} hits the kraken!!
The tentacle slaps you!!
The tentacle slaps your +3 giant spiked club "Giom" {spect, Int+3}!
Your spectral weapon shares its damage with you!
* * * LOW HITPOINT WARNING * * *
The tentacle slaps you.
* * * LOW HITPOINT WARNING * * *
The tentacle slaps you!!
* * * LOW HITPOINT WARNING * * *
The kraken bites you!
* * * LOW HITPOINT WARNING * * *
Blink to where?
Press: ? - help, Dir - move target
As you read the scroll of blinking, it crumbles to dust.
Your +3 giant spiked club "Giom" {spect, Int+3} disappears.
The tentacle slaps you!
* * * LOW HITPOINT WARNING * * *
The tentacle slaps you!
You die...

~~~~ #..≈≈≈≈≈..# .~~~~
~~~.. #w≈wX..# #~~~~~
~~~..# #.<│.# #≈~~~~~
~~~(.≈# ##││###≈#~~~~~
~~~~~.≈###││##≈≈~~~~~~
~~~~.....││~~~~~~~~~~~
~~.....~~││~~~~~~≈≈≈≈≈
.......~~~ww~~~~~≈≈≈≈≈
).......~~~@~~~~~≈≈≈≈≈
~.#.....~~~~~~~~~~≈~~~
~ #.....~~~~~~~~~~~~~~
#.....~~~..~.~~~~~~~
#..~~.~~~~...~~~P~~P
#.~~~~~~~~~~.~~~~~~~
.....<~~~...~~~.P
...........P.P..


You could see a kraken and 3 tentacles.

Vanquished Creatures
  Jorgrun (D:15)
  Rupert (Lair:5)
  A frost giant (D:12)
  A reaper (IceCv)
  2 orc warlords
  A quicksilver dragon zombie (D:15)
  2 merfolk impalers (Shoals:1)
  Harold (D:10)
  Erica (D:8)
  2 hydras (Lair:1)
  2 merfolk avatars
  3 boulder beetles
  An ogre mage (D:12)
  2 tengu warriors
  2 centaur warriors
  A two-headed ogre (D:12)
  13 death yaks
  5 orc high priests
  13 skeletal warriors
  2 skysharks (Shoals:1)
  Lodul (D:14)
  A sea snake (Lair:5)
  A flayed ghost (D:15)
  2 harpies (Lair:5)
  2 arcanists
  A lindwurm (Lair:4)
  4 deep elf pyromancers
  2 orc knights
  A necromancer (D:15)
  6 ugly things
  An obsidian bat (Orc:1)
  3 cyclopes
  2 orc sorcerers (Orc:2)
  A shining eye (shapeshifter) (D:12)
  4 manticores
  A salamander (shapeshifter) (D:15)
  3 meliai (D:15)
  8 elephants
  An ice statue (IceCv)
  A water nymph (Shoals:1)
  4 kobold blastminers (Orc:1)
  7 black mambas
  A merfolk siren (Lair:3)
  An orange demon (D:8)
  3 gargoyles
  A kobold demonologist (D:13)
  12 cane toads
  Jeremiah (Lair:1)
  An efreet (D:14)
  7 rime drakes
  A freezing wraith (D:14)
  2 yaktaurs (D:15)
  4 komodo dragons
  An anaconda simulacrum (IceCv)
  7 merfolk
  7 polar bears
  2 wind drakes
  6 trolls
  4 dream sheep (Lair:5)
  9 blink frogs
  2 snapping turtles (Shoals:1)
  A dream sheep (shapeshifter) (D:14)
  4 slime creatures (D:14)
  A spriggan skeleton (D:15)
  2 vampires
  3 shadows
  2 dire elephant simulacra (IceCv)
  3 water elementals
  2 wraiths
  39 yaks
  5 wyverns
  13 fire elementals
  9 basilisks
  13 vampire mosquitoes
  2 death yak simulacra (IceCv)
  4 wargs
  A steam dragon (D:10)
  A harpy simulacrum (IceCv)
  2 acid dragons
  3 hydra simulacra (IceCv)
  2 hell hounds
  6 water moccasins
  A sky beast (D:8)
  A laughing skull (D:15)
  3 black bears
  22 orc warriors
  11 wolves
  14 ogres
  9 centaurs
  17 bullfrogs
  2 kobold brigands
  A weeping skull (D:9)
  A cane toad simulacrum (IceCv)
  A gnoll sergeant (D:10)
  3 scorpions
  4 two-headed ogre simulacra (IceCv)
  9 wights
  22 killer bees
  2 elephant simulacra (IceCv)
  A howler monkey (D:9)
  7 electric eels
  8 hounds
  36 orc priests
  6 jellies
  2 gnoll boudas
  A sleepcap (D:6)
  3 iguanas
  29 orc wizards
  10 troll simulacra (IceCv)
  5 hell rats (Lair:3)
  10 spriggan simulacra (IceCv)
  A polar bear simulacrum (IceCv)
  7 adders
  26 gnolls
  4 naga simulacra (IceCv)
  2 shadow imps
  3 white imps
  4 ufetubi
  4 dart slugs
  3 ribbon worms
  57 orcs
  5 ball pythons
  6 bats
  6 endoplasms
  2 giant cockroaches
  17 goblins
  8 hobgoblins
  9 jackals
  22 kobolds
  2 quokkas (D:1)
  4 frilled lizards
  6 rats
  A spectral orc (D:9)
744 creatures vanquished.

Vanquished Creatures (others)
  Joseph (Lair:1)
  29 foxfires (Bailey)
  5 spectral weapons
  4 tentacles (Shoals:2)
39 creatures vanquished.

Grand Total: 783 creatures vanquished

Notes
Turn   | Place    | Note
-------+----------+-------------------------------------------
     0 | D:1      | KennySheep the Oni Cinder Acolyte began the quest for the
                  | Orb.
     0 | D:1      | Reached XP level 1. HP: 24/24 MP: 2/2
    78 | D:1      | Reached XP level 2. HP: 14/32 MP: 2/4
   156 | D:1      | Learned a level 2 spell: Scorch
   447 | D:1      | Reached XP level 3. HP: 32/40 MP: 2/5
   928 | D:2      | Reached skill level 4 in Maces & Flails
  1003 | D:2      | Reached XP level 4. HP: 40/49 MP: 7/7
  1317 | D:2      | Reached skill level 5 in Fighting
  1863 | D:3      | Reached XP level 5. HP: 36/57 MP: 8/8
  2149 | D:3      | Found Hyrikly's Weapon Shoppe.
  2227 | D:3      | Reached skill level 5 in Maces & Flails
  2273 | D:3      | Found a bloodstained altar of Trog.
  2440 | D:3      | Reached XP level 6. HP: 46/67 MP: 9/9
  2609 | D:3      | Noticed a +0 dagger
  2611 | D:3      | Noticed a +0 hand axe
  2615 | D:3      | Found a hide-covered altar of Uskayaw.
  2947 | D:4      | Found a glowing silver altar of Zin.
  3006 | D:4      | Noticed a black bear
  3024 | D:4      | Killed a black bear
  3025 | D:4      | Reached skill level 6 in Maces & Flails
  3090 | D:4      | Reached XP level 7. HP: 69/76 MP: 1/10
  3828 | D:4      | Found a runed translucent door.
  3829 | D:4      | Noticed Crazy Yiuf
  3867 | D:5      | Entered Level 5 of the Dungeon
  3995 | D:5      | Reached skill level 7 in Maces & Flails
  4127 | D:5      | Found an opulent altar of Gozag.
  4335 | D:5      | Found a staircase to the Ecumenical Temple.
  4340 | D:5      | Found the +3 pair of gauntlets of War {Slay+5}
  4588 | D:6      | Reached skill level 1 in Staves
  4589 | D:6      | Found Ofre's Antique Armour Emporium.
  4595 | D:6      | Reached XP level 8. HP: 69/87 MP: 2/12
  4705 | D:6      | Found Wussunn's Distillery.
  4710 | D:6      | Bought a potion of heal wounds for 65 gold pieces
  4710 | D:6      | Bought a potion of haste for 130 gold pieces
  4849 | D:6      | Reached skill level 1 in Evocations
  4878 | D:6      | Found Zoceu's General Store.
  5187 | D:6      | Found a snail-covered altar of Cheibriados.
  5335 | D:6      | Found Atigyeg's Magic Scroll Emporium.
  5797 | D:6      | Found Saunac's Magic Scroll Emporium.
  5856 | D:7      | Found Cumivifo's Magic Scroll Boutique.
  5944 | D:7      | Found Plog's Antique Weapon Emporium.
  6184 | D:7      | Found a flagged portal.
  6194 | D:7      | Reached skill level 5 in Spellcasting
  6219 | Bailey   | Entered a bailey
  6224 | Bailey   | Noticed an orc warlord
  6315 | Bailey   | Reached XP level 9. HP: 97/97 MP: 9/17
  6346 | Bailey   | Noticed an orc knight
  6360 | Bailey   | Killed an orc knight
  6570 | Bailey   | Found a runed translucent gate.
  6572 | Bailey   | Found a runed translucent gate.
  6573 | Bailey   | Found a runed translucent gate.
  6697 | Bailey   | Killed an orc warlord
  6827 | Bailey   | Acquired the +3 giant spiked club "Giom" {spect, Int+3}
  6926 | D:7      | Found a runed translucent door.
  6960 | D:7      | Found a runed translucent door.
  6983 | D:7      | Found Jacvijum's Weapon Shop.
  6999 | D:7      | Noticed a troll
  7000 | D:7      | Found Baupoin's Book Shoppe.
  7006 | D:7      | Killed a troll
  7007 | D:7      | Reached XP level 10. HP: 97/107 MP: 18/20
  7487 | D:7      | Reached skill level 10 in Fighting
  7487 | D:7      | Reached skill level 8 in Maces & Flails
  7928 | D:8      | Noticed Erica
  7933 | D:8      | Killed Erica
  7934 | D:8      | Reached skill level 9 in Maces & Flails
  8038 | D:8      | Noticed an orange demon
  8064 | D:8      | Killed an orange demon
  8858 | D:9      | Found a basalt altar of Yredelemnul.
  9538 | D:9      | Reached skill level 10 in Maces & Flails
 10198 | D:9      | Reached XP level 11. HP: 111/120 MP: 21/21
 10201 | D:9      | Reached skill level 11 in Maces & Flails
 10747 | D:10     | Entered Level 10 of the Dungeon
 10980 | D:10     | Reached skill level 12 in Maces & Flails
 11036 | D:10     | Noticed Harold
 11871 | D:10     | Killed Harold
 11872 | D:10     | Reached skill level 13 in Maces & Flails
 12399 | D:11     | Noticed a boulder beetle
 12432 | D:11     | Gained mutation: Potions are less effective at restoring
                  | your health. [potion of mutation]
 12432 | D:11     | Gained mutation: You are robust. (+10% HP) [potion of
                  | mutation]
 12432 | D:11     | Gained mutation: You are agile. (Dex +4, Str/Int -1)
                  | [potion of mutation]
 12506 | D:11     | Killed a boulder beetle
 12890 | D:11     | Noticed a manticore
 12898 | D:11     | Killed a manticore
 13103 | D:11     | Found a staircase to the Orcish Mines.
 13119 | D:11     | Reached skill level 14 in Maces & Flails
 13370 | D:11     | Noticed a deep elf pyromancer
 13378 | D:11     | Killed a deep elf pyromancer
 13475 | D:11     | Reached XP level 12. HP: 132/143 MP: 22/22
 13622 | D:11     | Found a staircase to the Lair.
 13863 | D:11     | Reached skill level 15 in Maces & Flails
 14712 | Lair:1   | Entered Level 1 of the Lair of Beasts
 14763 | Lair:1   | Noticed Joseph
 14770 | Lair:1   | Killed Joseph
 14833 | Lair:1   | Noticed a death yak
 14833 | Lair:1   | Noticed a death yak
 14948 | Lair:1   | Noticed Jeremiah
 14984 | Lair:1   | Killed Jeremiah
 15319 | Temple   | Entered the Ecumenical Temple
 15393 | Temple   | Fell from the grace of Ignis
 15393 | Temple   | Became a worshipper of Warmaster Okawaru
 15759 | Lair:1   | Reached skill level 1 in Invocations
 15772 | Lair:1   | You fall into a shaft and drop 1 floor!
 16347 | Lair:2   | Was forgiven by Ignis
 16493 | Lair:2   | Reached skill level 16 in Maces & Flails
 16496 | Lair:2   | Reached * piety under Okawaru
 16774 | Lair:2   | Reached ** piety under Okawaru
 17289 | Lair:3   | Found a frozen archway.
 17321 | Lair:3   | Reached XP level 13. HP: 50/150 MP: 23/23
 17323 | Lair:3   | Reached skill level 5 in Invocations
 17497 | IceCv    | Entered an ice cave
 17567 | IceCv    | Learned a level 2 spell: Blink
 18536 | IceCv    | Reached skill level 17 in Maces & Flails
 18771 | IceCv    | Noticed a reaper
 18873 | IceCv    | Killed a reaper
 18873 | IceCv    | Reached *** piety under Okawaru
 20101 | IceCv    | Identified the +10 long sword of Wondrous Power {heavy, rC+
                  | Str+3 Dex+3}
 20388 | Lair:3   | Found a hole to the Spider Nest.
 20922 | Lair:3   | Found a staircase to the Shoals.
 21781 | Lair:4   | Reached **** piety under Okawaru
 22068 | Lair:4   | Reached skill level 1 in Dodging
 23131 | Lair:5   | Entered Level 5 of the Lair of Beasts
 23625 | Lair:5   | Reached skill level 18 in Maces & Flails
 23633 | Lair:5   | Reached XP level 14. HP: 124/163 MP: 26/26
 23734 | Lair:5   | Reached ***** piety under Okawaru
 24555 | D:6      | Bought a scroll of acquirement for 676 gold pieces
 24555 | D:6      | Acquired the amulet "Kusadud" {Reflect rElec rPois rCorr
                  | SH+5}
 24740 | Lair:1   | Received a gift from Okawaru
 25263 | Lair:1   | Found the +1 robe of Vines {NoPotionHeal Regen++++}
 25866 | Lair:5   | Identified the +1 spear of the Elven Halls {venom, rElec
                  | rPois}
 25871 | Lair:5   | Found a staircase to the Slime Pits.
 25909 | Slime:1  | Entered Level 1 of the Pits of Slime
 25959 | Lair:5   | Noticed Rupert
 25971 | Lair:5   | Killed Rupert
 26051 | Lair:5   | Identified the +2 mace of Instinct {freeze, rElec Will-
                  | Dex-3 Stlth+}
 26053 | Lair:5   | Identified the +8 trident of the Furious {flame, rCorr}
 26057 | Lair:5   | Identified the +1 orcbow of Jocular Tortfeasance {flame,
                  | rC+ Str+3}
 26078 | Lair:5   | Received a gift from Okawaru
 26529 | Orc:1    | Entered Level 1 of the Orcish Mines
 26746 | Orc:1    | Noticed an orc warlord
 27103 | D:12     | Reached skill level 19 in Maces & Flails
 27170 | D:12     | Noticed a frost giant
 27203 | D:12     | Killed a frost giant
 27389 | D:12     | Reached skill level 5 in Dodging
 27393 | D:12     | Received a gift from Okawaru
 27523 | D:12     | Reached XP level 15. HP: 168/177 MP: 28/28
 28219 | D:12     | Reached skill level 10 in Invocations
 28436 | D:13     | Received a gift from Okawaru
 29006 | D:14     | Noticed Lodul
 29022 | D:14     | Killed Lodul
 29308 | D:14     | Reached skill level 1 in Armour
 29425 | D:14     | Received a gift from Okawaru
 29878 | D:14     | Found a gate to the Vaults.
 30085 | D:14     | Identified the +0 helmet of the Gardener {Harm Str+8 Int-3}
 30101 | D:15     | Entered Level 15 of the Dungeon
 30631 | D:15     | Found a runed translucent door.
 30631 | D:15     | Noticed a sphinx
 30676 | D:15     | Noticed Azrael
 30689 | D:15     | Noticed Jorgrun
 31141 | Orc:1    | Killed an orc warlord
 31340 | Orc:1    | Found Deguceuw's Desiderata Depot.
 31449 | Orc:1    | Received a gift from Okawaru
 31703 | Orc:2    | Entered Level 2 of the Orcish Mines
 32426 | Orc:2    | Found a staircase to the Elven Halls.
 33132 | Orc:2    | Reached skill level 20 in Maces & Flails
 33315 | Orc:2    | Found a roughly hewn altar of Beogh.
 33670 | Orc:2    | Found Iryr's Assorted Antiques.
 33670 | Orc:2    | Found Capeed's Antique Weapon Shoppe.
 33671 | Orc:2    | Found Wett's Assorted Antiques.
 33675 | Orc:2    | Found Coceisio's Jewellery Emporium.
 33681 | Orc:2    | Bought a +5 ring of evasion for 468 gold pieces
 34001 | D:15     | Found a staircase to the Depths.
 34021 | D:15     | Reached XP level 16. HP: 169/191 MP: 29/29
 34655 | D:15     | Received a gift from Okawaru
 34667 | D:15     | Killed Jorgrun
 34856 | D:15     | HP: 5/191 [sphinx/divine providence (11)]
 35334 | Shoals:1 | Entered Level 1 of the Shoals
 35334 | Shoals:1 | Found Axto's Weapon Shoppe.
 35558 | Shoals:1 | Reached skill level 15 in Fighting
 36076 | Shoals:1 | Noticed Roxanne
 36654 | Shoals:2 | Noticed a kraken
 36769 | Shoals:2 | HP: 9/193 [tentacle[a kraken] (13)]
 36769 | Shoals:2 | Slain by a tentacle

Illustrated notes

Levels and vault maps discovered:
D:1:      minmay_arrival_three_doors, layout_rooms, minmay_pentomino_o2
D:2:      cheibrodos_old_hovel, layout_basic, minmay_split_cup_large
D:3:      layout_loops_ring, dancing_weapons_uskayaw, trog_three_pillars_becter,
          serial_shops, nicolae_shop_bloodbath_and_beyond
D:4:      layout_basic, lemuel_crystal_altar, uniq_crazy_yiuf_cottage
D:5:      layout_cave_pools, mainiacjoe_overflow_concentric_impassable,
          minmay_temple_entry_poolview
D:6:      layout_loops_ring, mainiacjoe_overflow_alcove_1, serial_shops,
          nicolae_shop_rolled_up, shop, nicolae_shop_industrial_runoff, shop,
          shop, chequers_avenue, blue_anna_alchemist
D:7:      lemuel_insect_pit, layout_loops_corners, enter_bailey_5, serial_shops,
          shop, nicolae_shop_tiny_real_fake_doors,
          nicolae_shop_advertising_works [nicolae_subvault_shop_adworks], shop
D:8:      layout_basic, uniq_amaemon, uniq_erica
D:9:      layout_rooms, yredelemnul_forgotten_temple_becter
D:10:     layout_loops_ring, hex_large, hangedman_decor_growths, uniq_harold
D:11:     layout_basic, david_lair_shrubbed, orc_0_dummy
D:12:     minmay_containers, layout_stronghold
D:13:     layout_rooms
D:14:     layout_big_octagon, uniq_lodul
D:15:     gammafunk_depths_entry_grave, layout_long_grid, solitary_fountain,
          minmay_hidden_floor, uniq_azrael, uniq_jorgrun
Temple:   minmay_temple_bridge_d
Lair:1:   layout_roguey, hellmonk_guarded_unrand_vines, uniq_joseph,
          uniq_jeremiah
Lair:2:   layout_chaotic_city
Lair:3:   layout_roguey, elwin_shoals_entry_rooms,
          nicolae_spider_entry_orb_guardian,
          portal_ice_cave_entry_animals_and_master, minivault_25
Lair:4:   layout_gridlike, minmay_holes
Lair:5:   gammafunk_lair_ancient_temple, layout_misc_corridors,
          nicolae_slime_entry_field_trip, lemuel_fruit_fields, uniq_rupert
Shoals:1: layout_shoals, serial_shops, nicolae_shop_mannequins, uniq_roxanne
Shoals:2: layout_shoals, nicolae_shoals_kraken_intersection, uniq_aizul
Slime:1:  layout_caves
Orc:1:    layout_caves, nicolae_orc_damp_corner, nicolae_alphabet_shops
Orc:2:    st_orc_mages, layout_caves, basic_altar, lightli_orcish_oven

Skill      XL: |  1  2  3  4  5  6  7  8  9 10 11 12 13 14 15 16 |
---------------+-------------------------------------------------+-----
Spellcasting   | 2 3 5 7 8 9 |  9.0
Maces & Flails | 4 5 6 7 10 14 16 18 19 20 | 20.3
Fighting       | 5 6 7 8 9 11 12 13 14 15 | 15.1
Staves         | 1 2 4 |  4.2
Fire Magic     | 3 4 |  4.7
Evocations     | 2 3 |  3.2
Invocations    | 4 7 9 11 | 11.5
Dodging        | 2 5 6 7 |  7.1
Armour         | 3 |  3.9

Action                     |  1- 3 |  4- 6 |  7- 9 | 10-12 | 13-15 | 16-18 || total
---------------------------+-------+-------+-------+-------+-------+-------++-------
  Melee: Mace              |    90 |    98 |    55 |       |       |       ||   243
         Headbutt          |    14 |    14 |    24 |    67 |   156 |    24 ||   299
         Staff             |       |       |    81 |       |       |       ||    81
         Giant spiked club |       |       |     4 |   398 |   784 |    80 ||  1266
   Cast: Scorch            |     6 |    22 |   130 |    17 |     4 |       ||   179
 Invoke: Fiery Armour      |       |     1 |     2 |     6 |       |       ||     9
         Foxfire Swarm     |       |       |     2 |       |       |       ||     2
         Heroism           |       |       |       |       |     7 |     1 ||     8
    Use: Scroll            |       |     6 |     8 |     8 |    12 |     3 ||    37
         Potion            |       |     1 |     1 |     7 |     7 |     2 ||    18
   Stab: Distracted        |       |       |       |     4 |     7 |       ||    11
         Invisible         |       |       |       |       |     2 |       ||     2
         Sleeping          |       |       |       |       |     1 |       ||     1
 Armour: Robe              |    79 |    94 |   185 |   411 |   318 |       ||  1087
         Acid dragon scale |       |       |       |       |   237 |    79 ||   316
  Dodge: Dodged            |    39 |    57 |   108 |   172 |   270 |    35 ||   681
  Block: Other             |       |       |       |       |    90 |    20 ||   110
         Reflection        |       |       |       |       |     9 |     1 ||    10

Table legend: (Time is in decaauts)
 A = Elapsed time spent in this place.
 B = Non-inter-level travel time spent in this place.
 C = Inter-level travel time spent in this place.
 D = Time resting spent in this place.
 E = Time spent auto-exploring this place.
 F = Levels seen in this place.
 G = Mean time per level.
                   A        B        C        D        E       F      G
               +--------+--------+--------+--------+--------+-----+--------+
         Total |  36762 |  34347 |   2415 |   8987 |  19712 |  28 | 1312.9 |
       Dungeon |  20426 |  18819 |   1607 |   3485 |  12258 |  15 | 1361.7 |
        Temple |    147 |      7 |    140 |      0 |      0 |   1 |  147.0 |
          Lair |   8350 |   7802 |    548 |   1809 |   4757 |   5 | 1670.0 |
        Shoals |   1422 |   1399 |     23 |    288 |    947 |   2 |  711.0 |
    Slime Pits |      1 |      1 |      0 |      0 |      0 |   1 |    1.0 |
  Orcish Mines |   2923 |   2828 |     95 |   1228 |   1167 |   2 | 1461.5 |
        Bailey |    691 |    691 |      0 |    368 |     52 |   1 |  691.0 |
      Ice Cave |   2798 |   2798 |      0 |   1808 |    531 |   1 | 2798.0 |
               +--------+--------+--------+--------+--------+-----+--------+

Top non-repeatable levels by time:
   IceCv: 2798 daAuts
    D:11: 2427 daAuts
   Orc:1: 2013 daAuts
     D:9: 1989 daAuts
    D:14: 1799 daAuts
  Lair:5: 1774 daAuts
     D:8: 1751 daAuts
  Lair:4: 1744 daAuts
  Lair:3: 1670 daAuts
    D:10: 1636 daAuts
  Lair:1: 1616 daAuts
  Lair:2: 1545 daAuts
    D:15: 1497 daAuts
    D:12: 1495 daAuts
     D:6: 1302 daAuts
